 Dungeon Crawl Stone Soup version 0.26-a0-712-ga5a9c9c9d0 (webtiles) character file.

Game seed: 12275882425850418599

337 graki42 the Vandal (level 6, 2/42 HPs)
             Began as a Halfling Hunter on Nov 10, 2020.
             Was a Follower of Makhleb.
             Quit the game in an ossuary.
             The game lasted 00:15:45 (2984 turns).

graki42 the Vandal (Halfling Hunter)                Turns: 2984, Time: 00:15:45

Health: 2/42       AC:  6    Str: 13    XL:     6   Next: 85%
Magic:  6/6        EV: 16    Int:  9    God:    Makhleb [*.....]
Gold:   202        SH:  0    Dex: 17    Spells: 5/5 levels left

rFire    . . .     SeeInvis .   a - +1 hunting sling
rCold    + . .     Faith    .   (shield restricted)
rNeg     . . .     Spirit   .   c - +0 leather armour
rPois    .         Reflect  .   z - +0 helmet
rElec    .         Harm     .   q - +1 cloak
rCorr    .         Rampage  .   (no gloves)
MR       .....                  (no boots)
Stlth    ++........             (no amulet)
HPRegen  0.14/turn              p - ring of protection from cold
MPRegen  0.10/turn              (no ring)

@: no status effects
A: small, mutation resistance 1
a: Renounce Religion


You were in an ossuary.
You worshipped Makhleb.
Makhleb was aware of your devotion.
You visited 1 branch of the dungeon, and saw 4 of its levels.
You also visited: Ossuary.

You collected 202 gold pieces.

Inventory:

Hand Weapons
 a - a +1 hunting sling (weapon)
 b - a +0 short sword
Missiles
 d - 19 sling bullets (quivered)
 j - 35 stones
Armour
 c - a +0 leather armour (worn)
 o - a scarf of harm
 q - a +1 cloak (worn)
 z - a +0 helmet (worn)
Jewellery
 p - a ring of protection from cold (left hand)
 s - an uncursed ring of wizardry {unknown}
Wands
 v - a wand of acid (10)
 w - a wand of polymorph (3)
 x - a wand of paralysis (8)
Scrolls
 i - 3 scrolls of teleportation {unknown}
 k - 4 scrolls of magic mapping
 n - a scroll of fog {unknown}
 r - a scroll of fear {unknown}
 t - a scroll of remove curse {unknown}
 u - a scroll of enchant armour {unknown}
 y - a scroll of identify {unknown}
 A - a scroll of amnesia {unknown}
 B - a scroll of immolation {unknown}
Potions
 e - 2 potions of might {unknown}
 f - 2 potions of lignification {unknown}
 g - 2 potions of brilliance {unknown}
 h - a potion of mutation {unknown}
 l - a potion of stabbing {unknown}
 m - a potion of ambrosia {unknown}


   Skills:
 + Level 3.1 Fighting
 + Level 3.0 Short Blades
 + Level 7.1 Slings
 + Level 3.8 Dodging
 + Level 3.5 Stealth


You had 5 spell levels left.
You didn't know any spells.
Your spell library was empty.

Dungeon Overview and Level Annotations

Branches:
Dungeon (4/15)            Ossuary (1/1)
 Temple: D:4-7

Altars:
Gozag
Hepliaklqana
Makhleb
Okawaru
Sif Muna
Xom
Zin
The Shining One

Annotations:
D:3 1 runed translucent door, gbos's ghost, amateur GrBe


Innate Abilities, Weirdness & Mutations

You are small and have problems with some larger weapons.
You are somewhat resistant to further mutation.


Message History

You shoot a sling bullet.
The sling bullet hits the jackal zombie!
You destroy the jackal zombie!
Makhleb accepts your kill. The human zombie closely misses you.
The orc zombie closely misses you. The adder zombie completely misses you.
The gnoll zombie barely misses you. The adder zombie closely misses you.
The hobgoblin zombie closely misses you.
The gnoll zombie misses you. The adder zombie misses you.
The orc zombie misses you.
There is a gate leading back out of this place here.
You see here a sling bullet.
The hobgoblin zombie closely misses you.
The orc zombie misses you. The kobold zombie hits you.
* * * LOW HITPOINT WARNING * * *
A mummy comes into view.
The adder zombie barely misses you.
A mummy comes into view.
Are you sure you want to abandon this character and quit the game? (Confirm with "yes".)

#.... ..#+## .........
.....# ................
.....# ...............#
M....#
...............##.....#
......................#
......................#
...........Z.Z.Z@..#
......(......ZZ...##
.....((∩∩...Z.(...#
......(....Z.Z....#
............Z......#
.......(.............
.......(.......##.....
.......(.......# .....#
.......(.........M....#


You could see a mummy, 2 adder zombies, a hobgoblin zombie, 2 gnoll zombies, a
kobold zombie, an orc zombie and 2 human zombies.

Vanquished Creatures
  Terence (D:3)
  Natasha (thrice) (D:3)
  8 gnolls (D:2)
  5 adders
  2 oozes
  2 dart slugs
  A worm (D:2)
  7 leopard geckos
  5 orcs (D:3)
  6 giant cockroaches
  8 goblins
  8 hobgoblins
  6 jackals
  A quokka (D:4)
  9 bats
  2 frilled lizards (D:2)
  A jackal zombie (Ossuary)
  8 kobolds
  A kobold zombie (Ossuary)
  10 rats
  A rat zombie (Ossuary)
95 creatures vanquished.

Vanquished Creatures (others)
  A bush (D:2)
1 creature vanquished.

Grand Total: 96 creatures vanquished

Notes
Turn   | Place    | Note
-------+----------+-------------------------------------------
     0 | D:1      | graki42 the Halfling Hunter began the quest for the Orb.
     0 | D:1      | Reached XP level 1. HP: 14/14 MP: 1/1
    88 | D:1      | Reached XP level 2. HP: 19/19 MP: 2/2
    89 | D:1      | Reached skill level 6 in Slings
   262 | D:1      | Reached skill level 1 in Short Blades
   373 | D:1      | Reached XP level 3. HP: 24/24 MP: 3/3
   816 | D:2      | Reached XP level 4. HP: 24/29 MP: 4/4
  1329 | D:2      | Reached XP level 5. HP: 35/35 MP: 5/5
  1515 | D:2      | Found a burning altar of Makhleb.
  1536 | D:2      | Became a worshipper of Makhleb the Destroyer
  1547 | D:2      | Found a faded altar of an unknown god.
  1573 | D:2      | Reached XP level 6. HP: 41/41 MP: 6/6
  1646 | D:2      | Found a glowing silver altar of Zin.
  1646 | D:2      | Found an iron altar of Okawaru.
  1647 | D:2      | Found a shimmering blue altar of Sif Muna.
  1773 | D:2      | Found a glowing golden altar of the Shining One.
  2073 | D:3      | Found a hazy altar of Hepliaklqana.
  2097 | D:3      | Found a runed translucent door.
  2102 | D:3      | Noticed gbos's ghost (amateur GrBe)
  2113 | D:3      | Noticed Natasha
  2121 | D:3      | Killed Natasha
  2121 | D:3      | Noticed Terence
  2123 | D:3      | Found an opulent altar of Gozag.
  2148 | D:3      | Killed Terence
  2252 | D:3      | Noticed Natasha
  2262 | D:3      | Killed Natasha
  2262 | D:3      | Reached skill level 7 in Slings
  2450 | D:3      | Noticed Natasha
  2456 | D:3      | Killed Natasha
  2665 | D:3      | Reached * piety under Makhleb
  2743 | D:3      | Found a shimmering altar of Xom.
  2943 | D:4      | Found a sand-covered staircase.
  2947 | Ossuary  | Entered an ossuary
  2972 | Ossuary  | HP: 2/42 [gnoll zombie (3)]
  2977 | Ossuary  | HP: 1/42 [kobold zombie (1)]
  2984 | Ossuary  | Quit the game

Illustrated notes

Levels and vault maps discovered:
D:1:      ncdulo_wetmaze, layout_rooms, minmay_indecisive_spiral
D:2:      layout_loops_corners, tso_altar, minitemple, lemuel_crystal_altar,
          chequers_ecumenical_altar_simple_redux, grunt_decor_mini_mirrors,
          minivault_25, kennysheep_crisscross, minmay_hedge_maze
D:3:      minmay_angry_zag, layout_basic, nicolae_overflow_hidden_temple,
          lemuel_coloured_pillars_altar, ebering_ghost_sewer_d,
          grunt_gozag_statues, uniq_terence, uniq_natasha
D:4:      layout_loops_corners, enter_ossuary_5
Ossuary:  ossuary_minmay_tomb_2a

Skill      XL: |  1  2  3  4  5  6 |
---------------+-------------------+-----
Slings         | 6 7 |  7.1
Fighting       | 2 3 |  3.1
Short Blades   | 1 2 3 |  3.0
Stealth        | 2 3 |  3.5
Dodging        | 3 |  3.8

Action                   |  1- 3 |  4- 6 || total
-------------------------+-------+-------++-------
Melee: Short sword       |    33 |     2 ||    35
       Unarmed           |       |    18 ||    18
 Fire: Hunting sling     |    61 |   224 ||   285
  Use: Scroll            |       |     1 ||     1
Armor: Leather armour    |     7 |    42 ||    49
Dodge: Dodged            |    36 |   160 ||   196

Table legend: (Time is in decaauts)
 A = Elapsed time spent in this place.
 B = Non-inter-level travel time spent in this place.
 C = Inter-level travel time spent in this place.
 D = Time resting spent in this place.
 E = Time spent auto-exploring this place.
 F = Levels seen in this place.
 G = Mean time per level.
                   A        B        C        D        E       F      G
               +--------+--------+--------+--------+--------+-----+--------+
         Total |   2951 |   2883 |     68 |    128 |   2099 |   5 |  590.2 |
       Dungeon |   2918 |   2850 |     68 |    128 |   2099 |   4 |  729.5 |
       Ossuary |     32 |     32 |      0 |      0 |      0 |   1 |   32.0 |
               +--------+--------+--------+--------+--------+-----+--------+

Top non-repeatable levels by time:
     D:2: 1218 daAuts
     D:3: 908 daAuts
     D:1: 747 daAuts
     D:4: 43 daAuts
 Ossuary: 32 daAuts
